 Dungeon Sprint DCSS version 0.19.5 (webtiles) character file.

18 equalderp2856 the Scratcher (level 2, -5/15 HPs)
             Began as a Felid Fighter on Mar 10, 2017.
             Was an Initiate of Gozag.
             Slain by an orc warrior
             ... wielding a +0 scimitar of electrocution
              (20 damage)
             ... in the Dungeon (Sprint VII: "The Pits").
             The game lasted 00:01:40 (507 turns).

equalderp2856 the Scratcher (Felid Fighter)          Turns: 507, Time: 00:01:59

Health: -5/15      AC:  1    Str: 12    XL:     2   Next: 51%
Magic:  3/3        EV: 20    Int:  9    God:    Gozag
Gold:   270        SH:  0    Dex: 15    Spells: 0 memorised, 1 level left
                                        Lives:  0   Deaths: 0

rFire  . . .     SeeInvis +       - Unarmed
rCold  . . .     Gourm    .     (armour unavailable)
rNeg   . . .     Faith    .     (shield unavailable)
rPois  .         Spirit   .     (helmet unavailable)
rElec  .         Reflect  .     (cloak unavailable)
rCorr  .         Harm     .     (gloves unavailable)
MR     .....     NoTele   +     (boots unavailable)
Stlth  ++........               (no amulet)
                                (no ring)
                                (no ring)

@: quick
A: no armour, no weapons or thrown items, stealth, claws 1, fangs 3, see
invisible, carnivore 3, speed 1, shaggy fur 1, slow metabolism 1, sharp paws
a: Potion Petition, Call Merchant, Bribe Branch, Renounce Religion


You were in the Dungeon.
You worshipped Gozag.
Gozag was aware of your devotion.
You were not hungry.

You visited 1 branch You collected 270 gold pieces.

Inventory:

Scrolls
 h - a scroll of blinking
 j - 3 scrolls of remove curse
 k - 5 scrolls of amnesia
 l - a scroll of summoning
Potions
 a - a potion of might
 c - 6 potions of curing
 d - 6 potions of heal wounds
 e - a potion of haste
 f - 4 potions of magic
 g - 3 potions of berserk rage
 i - 2 potions of invisibility
Comestibles
 b - 8 meat rations


   Skills:
 + Level 3.9 Fighting
 + Level 5.0 Dodging
 + Level 0.4 Stealth
 + Level 5.5 Unarmed Combat


You had one spell level left.
You didn't know any spells.

Dungeon Overview and Level Annotations

Branches:
Dungeon (1/1)

Altars:
Ashenzari
Cheibriados
Dithmenos
Elyvilon
Fedhas
Gozag
Hepliaklqana
Kikubaaqudgha
Makhleb
Nemelex Xobeh
Okawaru
Qazlal
Ru
Sif Muna
Trog
Uskayaw
Vehumet
Xom
Yredelemnul
Zin
The Shining One
Beogh
Jiyva
Lugonu


Innate Abilities, Weirdness & Mutations

You cannot wear armour.
You are incapable of wielding weapons or throwing items.
Your paws allow you to move quietly. (Stealth)
You have sharp claws.
You have razor-sharp teeth.
You have supernaturally acute eyesight. (SInv)
You are carnivorous and can eat meat at any time.
You cover ground quickly.
You are covered in fur. (AC +1)
You have a slow metabolism.
Your sharp claws are effective at attacking unaware monsters.


Message History

The orc priest shouts!
A porcupine comes into view.
There is an open door here.
A warg and an orc warrior come into view.
The orc warrior is wielding a scimitar of electrocution.
The orc warrior shouts!
There is an open door here.
You closely miss the orc warrior. The orc warrior barely misses you.
You scratch the orc warrior. Your bite misses the orc warrior.
The orc warrior is lightly wounded.
The orc warrior closely misses you.
You closely miss the orc warrior.
The orc warrior is lightly wounded.
The orc shouts!
You scratch the orc warrior but do no damage.
The orc warrior is lightly wounded.
The orc warrior hits you with a scimitar of electrocution!!
Ouch! That really hurt!
You die...
Your body crumbles into a pile of gold.

######)))#.##.....
#%?(.')))'.##.....
##########.##.....
#...........'.....
#'#####'#####.....
#.#...#รท#..##.....
#.#...#.#))#####'#
#.#...'.#))##.....
#@##'####))##.....
#o#.....#[[##.....
#o#.....#'###...<.
#r#........##.....
#.#........##.....
#'###########.....
#.o.o..F# ######
#..#.#..# #.## #


You could see an orc warrior, a porcupine, an orc priest and an orc.

Vanquished Creatures
  A river rat (D)
  A leopard gecko (D)
  A bat (D)
  3 jackals (D)
  A ball python (D)
  A jackal zombie (D)
  A rat (D)
9 creatures vanquished.

Notes
Turn   | Place    | Note
-------+----------+-------------------------------------------
     0 | D        | equalderp2856 the Felid Fighter began the quest for the Orb.
     0 | D        | Reached XP level 1. HP: 10/10 MP: 2/2
    28 | D        | Reached skill level 5 in Unarmed Combat
    28 | D        | Reached XP level 2. HP: 4/15 MP: 3/3
   260 | D        | Found a radiant altar of Vehumet.
   260 | D        | Found a hide-covered altar of Uskayaw.
   260 | D        | Found an ancient bone altar of Kikubaaqudgha.
   260 | D        | Found a viscous altar of Jiyva.
   260 | D        | Found a hazy altar of Hepliaklqana.
   261 | D        | Found a bloodstained altar of Trog.
   261 | D        | Found a deep blue altar of Sif Muna.
   261 | D        | Found a sacrificial altar of Ru.
   261 | D        | Found a stormy altar of Qazlal.
   261 | D        | Found an iron altar of Okawaru.
   261 | D        | Found a sparkling altar of Nemelex Xobeh.
   261 | D        | Found an opulent altar of Gozag.
   261 | D        | Found a blossoming altar of Fedhas.
   261 | D        | Found a white marble altar of Elyvilon.
   261 | D        | Found a shadowy altar of Dithmenos.
   261 | D        | Found a snail-covered altar of Cheibriados.
   262 | D        | Found a glowing golden altar of the Shining One.
   262 | D        | Found a glowing silver altar of Zin.
   264 | D        | Found a roughly hewn altar of Beogh.
   264 | D        | Found a burning altar of Makhleb.
   264 | D        | Found a basalt altar of Yredelemnul.
   265 | D        | Found a shattered altar of Ashenzari.
   265 | D        | Found a corrupted altar of Lugonu.
   265 | D        | Found a shimmering altar of Xom.
   267 | D        | Became a worshipper of Gozag Ym Sagoz the Greedy
   325 | D        | Noticed an ogre
   326 | D        | Reached skill level 5 in Dodging
   490 | D        | Noticed a bullfrog
   491 | D        | Noticed a porcupine
   492 | D        | Noticed an orc warrior
   492 | D        | Noticed a warg
   507 | D        | Slain by an orc warrior

Skill      XL: |  1  2 |
---------------+-------+-----
Unarmed Combat | 5 |  5.5
Dodging        | 5 |  5.0
Fighting       | |  3.9
Stealth        | |  0.4

Action                   || total
-------------------------++-------
Melee: Unarmed           ||    28
       Punch             ||     1
 Stab: Sleeping          ||     2
Dodge: Dodged            ||    30
